 Dungeon Crawl Stone Soup version 0.19.1 (webtiles) character file.

33 CanadianGator the Ruffian (level 3, 0/28 HPs)
             Began as a Minotaur Transmuter on Dec 1, 2016.
             Succumbed to an adder's poison
             ... on level 2 of the Dungeon.
             The game lasted 00:02:04 (798 turns).

CanadianGator the Ruffian (Minotaur Transmuter)      Turns: 798, Time: 00:02:05

Health: 0/28       AC:  3    Str: 14    XL:     3   Next: 12%
Magic:  2/4        EV: 12    Int: 10    God:
Gold:   5          SH:  0    Dex: 11    Spells: 1 memorised, 3 levels left

rFire  . . .     SeeInvis .       - Unarmed
rCold  . . .     Gourm    .     i - +0 robe (curse)
rNeg   . . .     Faith    .     (no shield)
rPois  .         Spirit   .     (helmet restricted)
rElec  .         Reflect  .     (no cloak)
rCorr  .         Harm     .     j - +0 pair of gloves
MR     +....                    (boots currently unavailable)
Stlth  +.........               (no amulet)
                                (no ring)
                                f - ring of protection from magic

@: lethally poisoned (0 -> -3), appendage (expiring)
A: retaliatory headbutt, horns 2, talons 3
a: End Transformation


You were on level 2 of the Dungeon.
You were not hungry.
You had grown temporary talons.
You visited 1 branch of the dungeon, and saw 2 of its levels.

You collected 5 gold pieces.

Inventory:

Missiles
 a - 12 arrows
Armour
 b - a +0 robe
 g - a +0 leather armour
 i - a cursed +0 robe (worn)
 j - a +0 pair of gloves (worn)
Jewellery
 f - a ring of protection from magic (left hand)
Scrolls
 e - a scroll of magic mapping {unknown}
 h - a scroll of teleportation {unknown}
Books
 c - a book of Changes

   Spells                             Type                      Level
   a - Beastly Appendage              Transmutation                1
   b - Sticks to Snakes               Transmutation                2
   c - Spider Form                    Transmutation/Poison         3
   d - Ice Form                       Ice/Transmutation            4
   e - Blade Hands                    Transmutation                5
Comestibles
 d - a bread ration


   Skills:
 + Level 1.5 Fighting
 + Level 1.2 Armour
 + Level 2.3 Dodging
 * Level 3.7 Unarmed Combat
 - Level 1.3 Spellcasting
 * Level 2.1 Transmutations


You had 3 spell levels left.
You knew the following spells:

 Your Spells              Type           Power        Failure   Level  Hunger
a - Beastly Appendage     Tmut           #.....       14%         1    ##.....


Dungeon Overview and Level Annotations

Branches:
Dungeon (2/15)

Altars:


Innate Abilities, Weirdness & Mutations

You reflexively headbutt those who attack you in melee.
You have a pair of horns on your head.
You have claws for feet.


Message History

You are too injured to fight recklessly!
You are too injured to fight recklessly!
You are too injured to fight recklessly!
You are too injured to fight recklessly!
You are too injured to fight recklessly!
You closely miss the adder. Your kick misses the adder.
The adder completely misses you.
You closely miss the adder.
You feel sick. The worm closely misses you. The adder barely misses you.
You miss the adder. Your kick misses the adder. Your headbutt misses the adder.
The adder bites you.
* * * LOW HITPOINT WARNING * * *
The worm bites you.
* * * LOW HITPOINT WARNING * * *
You barely miss the adder. Your headbutt misses the adder.
The adder barely misses you.
You aren't carrying any potions.
Okay, then.
You closely miss the adder. Your kick misses the adder.
You die...

#... #...
###### #...
..... #...
##...
#$..##..##
.###.......$#
......w.S.<.#
#.....@....#
......†.....#
###.........#
##>..<..<...#
#.........##
..........##
..#........#
###....?....


You could see a worm and an adder.

Vanquished Creatures
  An adder (D:2)
  An ooze (D:2)
  A leopard gecko (D:1)
  2 giant cockroaches (D:1)
  3 hobgoblins (D:1)
  5 bats (D:1)
  2 goblins (D:1)
  2 kobolds (D:1)
  4 rats (D:1)
  A plant (D:1)
22 creatures vanquished.

Notes
Turn   | Place    | Note
-------+----------+-------------------------------------------
     0 | D:1      | CanadianGator the Minotaur Transmuter began the quest for the Orb.
     0 | D:1      | Reached XP level 1. HP: 16/16 MP: 1/1
    62 | D:1      | Reached XP level 2. HP: 15/23 MP: 3/3
   234 | D:1      | Reached skill level 1 in Armour
   791 | D:2      | Reached XP level 3. HP: 26/28 MP: 2/4
   796 | D:2      | HP: 1/28 [worm (2)]
   798 | D:2      | Succumbed to an adder's poison

Skill      XL: |  1  2 |
---------------+-------+-----
Armour         | 1 |  1.2
Transmutations | 2 |  2.1
Fighting       | |  1.5
Dodging        | |  2.3
Unarmed Combat | |  3.7
Spellcasting   | |  1.3

Action                   || total
-------------------------++-------
Melee: Unarmed           ||   106
       Headbutt          ||    17
       Kick              ||     4
 Cast: Beastly Appendage ||     2
Armor: Robe              ||    15
       Leather armour    ||     1
Dodge: Dodged            ||    51
